 Dungeon Crawl Stone Soup version 0.15.1-3-g1b33baa (webtiles) character file.

11268 Hodglim the Conjurer (level 11, 0/61 HPs)
             Began as a High Elf Conjurer on Oct 8, 2014.
             Was an Elder of Vehumet.
             Killed by vampiric draining
             ... invoked by a vampire
              (7 damage)
             ... in a volcano.
             The game lasted 01:56:34 (14227 turns).

Hodglim the Conjurer (High Elf Conjurer)           Turns: 14227, Time: 01:56:34

HP   0/61        AC  7     Str  7      XL: 11   Next: 47%
MP  14/31        EV 16     Int 23      God: Vehumet [****..]
Gold 705         SH  7     Dex 16      Spells:  7 memorised,  5 levels left

rFire  + . .     SeeInvis +     Y - +2 long sword (curse)
rCold  . . .     Clarity  .     x - +2 robe {rF+}
rNeg   . . .     rCorr    .     F - +2 buckler
rPois  +         rRot     .     (no helmet)
rElec  .         Spirit   .     (no cloak)
SustAb .         Warding  .     (no gloves)
rMut   .         Stasis   .     l - +2 pair of boots
Gourm  .                        (no amulet)
MR     +....                    Q - ring of poison resistance
                                C - ring of see invisible

@: somewhat resistant to hostile enchantments, unstealthy
A: no striking features
a: Renounce Religion


You were in a volcano.
You worshipped Vehumet.
Vehumet was greatly pleased with you.
You were very hungry.

You visited 3 branches of the dungeon, and saw 12 of its levels.
You also visited: Volcano.

You collected 705 gold pieces.

Inventory:

Hand weapons
 e - a +4 dagger of draining
 Y - a cursed +2 long sword (weapon)
Armour
 l - a +2 pair of boots (worn)
 q - a +2 robe of cold resistance
 x - a +2 robe of fire resistance (worn)
 F - a +2 buckler (worn)
 J - a +0 troll leather armour
 O - a +4 ring mail
 V - a +2 robe of magic resistance
Magical devices
 w - a wand of flame (8)
 z - a wand of confusion (14)
 P - a wand of random effects (7)
 T - a wand of teleportation (1)
 U - a wand of flame (12)
Comestibles
 b - 7 bread rations
 i - 4 meat rations
 n - 11 fruits
 D - 6 royal jellies
Scrolls
 f - 3 scrolls of identify
 h - 5 scrolls of remove curse
 o - 4 scrolls of recharging
 p - 4 scrolls of amnesia
 y - 4 scrolls of enchant armour
 I - a scroll of teleportation
 S - 2 scrolls of enchant weapon
Jewellery
 r - an uncursed ring of flight
 C - a ring of see invisible (left hand)
 Q - a ring of poison resistance (right hand)
Potions
 a - a potion of might
 d - 2 potions of flight
 k - a potion of haste
 s - a potion of confusion
 t - 2 potions of restore abilities
 v - 3 potions of brilliance
 B - 2 potions of invisibility
 G - a potion of resistance
 K - 2 potions of agility
 M - a potion of cure mutation
Books
 c - a book of Conjurations

   Spells                             Type                      Level
   *Magic Dart                        Conjuration                  1
   *Searing Ray                       Conjuration                  2
   Dazzling Spray                     Conjuration/Hexes            3
   Fulminant Prism                    Conjuration/Hexes            4
   Iskenderun's Mystic Blast          Conjuration                  4
   *Iskenderun's Battlesphere         Conjuration/Charms           5
 H - a book of the Dragon

   Spells                             Type                      Level
   *Flight                            Charms/Air                   3
   Cause Fear                         Hexes                        4
   *Bolt of Fire                      Conjuration/Fire             6
   Dragon Form                        Transmutation                7
   Dragon's Call                      Summoning                    9
 N - a book of Power

   Spells                             Type                      Level
   Fulminant Prism                    Conjuration/Hexes            4
   Iskenderun's Mystic Blast          Conjuration                  4
   Venom Bolt                         Conjuration/Poison           5
   Bolt of Magma                      Conjuration/Fire/Earth       5
   Iron Shot                          Conjuration/Earth            6
   Orb of Destruction                 Conjuration                  7
 R - a book of Fire

   Spells                             Type                      Level
   Ignite Poison                      Fire/Transmutation           5
   *Fireball                          Conjuration/Fire             5
   *Bolt of Fire                      Conjuration/Fire             6
   Delayed Fireball                   Conjuration/Fire             7
   Ring of Flames                     Charms/Fire                  7
Magical staves
 E - an uncursed staff of air


   Skills:
 + Level 6.6 Dodging
 - Level 2.1 Stealth
 - Level 2.9 Shields
 - Level 10.2 Spellcasting
 + Level 10.7 Conjurations
 - Level 9.4 Charms
 + Level 8.1 Fire Magic


You had 5 spell levels left.
You knew the following spells:

 Your Spells              Type           Power        Failure   Level  Hunger
a - Magic Dart            Conj           ####         1%          1    None
b - Searing Ray           Conj           ######       1%          2    None
c - Iskenderun's Battles  Conj/Chrm      ######..     1%          5    ###....
d - Fireball              Conj/Fire      ######....   1%          5    ###....
e - Bolt of Fire          Conj/Fire      ######....   4%          6    ######.
f - Conjure Flame         Conj/Fire      ######..     1%          3    None
g - Flight                Chrm/Air       ####......   2%          3    None


Dungeon Overview and Level Annotations

Branches:
Dungeon (10/15)            Temple (1/1) D:6             Orc (1/4) D:9
   Lair: D:8-11

Altars:
Ashenzari
Cheibriados
Dithmenos
Elyvilon
Fedhas
Kikubaaqudgha
Makhleb
Nemelex Xobeh
Okawaru
Qazlal
Sif Muna
Trog
Vehumet
Xom
Yredelemnul
Zin
The Shining One

Shops:
D:4 (   D:8 (   Orc:1 %

Annotations:
D:8 Erolcha


Message History

Press: ? - help, Shift-Dir - straight line, f/p - vampire
Aim: a vampire (lightly damaged, slightly transparent)
The magic dart hits the vampire.
The vampire is lightly damaged.
Your battlesphere fires!
The barrage of energy hits the vampire.
The vampire is moderately damaged.
The vampire completely misses you. The vampire closely misses you.
Read which item? (? for menu, Esc to quit)
Okay, then.
Casting: Magic Dart
Confirm with . or Enter, or press ? or * to list all spells.
Okay, then.
Evoke which item? (* to show all) (? for menu, Esc to quit)
Zapping:
T - a wand of teleportation {zapped: 2}
Press: ? - help, Shift-Dir - straight line, f/p - vampire
Aim: a vampire (moderately damaged, slightly transparent)
The vampire easily resists.
The vampire is infused with unholy energy.
You die...

#.....#8########§
+..∩..'....'.§§§§
#.....#8########≈
#.....### ##
#..⌠..#
##'#####+##
#....*....#
+V§≈≈≈§≈≈.+
#@........
##'#####+# .# ##


You could see a vampire (invisible).

Vanquished Creatures
  A hill giant (D:10)
  Pikel (D:7)
  3 gargoyles (D:10)
  Grinder (D:5)
  3 trolls
  Sonja (D:10)
  Prince Ribbit (D:9)
  A deep elf mage (D:10)
  A vampire (Volcano)
  A trapdoor spider (D:10)
  2 flying skulls (Volcano)
  2 wyverns
  10 yaks
  2 hill giant zombies
  A hippogriff (D:9)
  A hungry ghost (D:10)
  The ghost of CrazyArbalest the Shield-Bearer, an average HaFi (D:3)
  A warg (Orc:1)
  A hill giant skeleton (D:8)
  A phantom (D:5)
  An ice beast (D:9)
  A yellow wasp (D:8)
  4 ogres
  6 orc warriors
  2 black bears
  A centaur (D:9)
  4 sky beasts
  Duvessa (D:6)
  3 giant frogs
  Blork the orc (D:4)
  A gnoll sergeant (D:9)
  A komodo dragon skeleton (D:10)
  A goliath beetle (D:7)
  2 scorpions
  5 wights (D:10)
  5 killer bees (D:9)
  A spriggan skeleton (D:10)
  A yak skeleton (D:10)
  Dowan (D:6)
  3 crimson imps
  A giant frog zombie (D:9)
  5 jellies
  A giant frog skeleton (D:5)
  7 hounds
  3 iguanas
  3 centaur skeletons
  9 orc wizards
  9 orc priests
  5 worker ants
  Jessica (D:3)
  A big kobold skeleton (D:9)
  A worker ant zombie (D:5)
  5 gnolls (D:9)
  15 adders
  3 shadow imps
  A giant mite (D:6)
  2 worms
  4 giant geckos
  An ooze (D:5)
  47 orcs
  5 ball pythons
  15 bats
  7 goblins
  10 hobgoblins
  8 quokkas
  7 giant cockroaches
  A giant newt (D:4)
  2 giant spores
  A hobgoblin skeleton (D:4)
  8 jackals
  A jackal skeleton (D:6)
  8 kobolds
  15 rats
  A ballistomycete (D:7)
294 creatures vanquished.

Vanquished Creatures (others)
  A slave (D:7)
  An adder (D:7)
  A bat (D:7)
  A rat (D:7)
  5 toadstools (D:1)
9 creatures vanquished.

Grand Total: 303 creatures vanquished

Notes
Turn   | Place    | Note
--------------------------------------------------------------
     0 | D:1      | Hodglim, the High Elf Conjurer, began the quest for the Orb.
     0 | D:1      | Reached XP level 1. HP: 11/11 MP: 4/4
   368 | D:1      | Reached XP level 2. HP: 17/17 MP: 0/6
   956 | D:2      | Reached skill level 5 in Conjurations
  1165 | D:2      | Reached XP level 3. HP: 21/21 MP: 4/10
  1478 | D:2      | Found a shadowy altar of Dithmenos.
  1968 | D:3      | Reached XP level 4. HP: 27/27 MP: 7/13
  1969 | D:3      | Noticed CrazyArbalest's ghost (average HaFi)
  2281 | D:3      | Learned a level 2 spell: Searing Ray
  2437 | D:3      | Found a burning altar of Makhleb.
  2439 | D:3      | Found a glowing silver altar of Zin.
  2439 | D:3      | Noticed an angel
  2440 | D:3      | Noticed a balrug
  2927 | D:3      | Found a blossoming altar of Fedhas.
  2930 | D:3      | Found an ancient bone altar of Kikubaaqudgha.
  2999 | D:3      | Reached skill level 1 in Shields
  3045 | D:3      | Noticed Jessica
  3051 | D:3      | Killed Jessica
  3051 | D:3      | Reached XP level 5. HP: 29/31 MP: 11/16
  3163 | D:3      | Killed CrazyArbalest's ghost
  3163 | D:3      | Reached skill level 6 in Conjurations
  3377 | D:4      | Reached XP level 6. HP: 36/36 MP: 17/19
  3563 | D:4      | Noticed Blork the orc
  3571 | D:4      | Killed Blork the orc
  3571 | D:4      | Reached skill level 5 in Spellcasting
  4063 | D:4      | Found Zocoegax's Antique Weapon Shop.
  4322 | D:4      | Learned a level 5 spell: Iskenderun's Battlesphere
  4348 | D:5      | Entered Level 5 of the Dungeon
  4840 | D:5      | Reached skill level 1 in Charms
  4840 | D:5      | Reached XP level 7. HP: 33/41 MP: 9/22
  5090 | D:5      | Noticed Grinder
  5427 | D:6      | Found a staircase to the Ecumenical Temple.
  5462 | Temple   | Entered the Ecumenical Temple
  5519 | Temple   | Became a worshipper of Vehumet
  5828 | D:6      | Reached skill level 7 in Conjurations
  5846 | D:6      | Noticed Duvessa
  5851 | D:6      | Noticed Dowan
  6415 | D:5      | Paralysed by Grinder for 7 turns
  6424 | D:5      | Killed Grinder
  6908 | D:6      | Reached XP level 8. HP: 46/46 MP: 21/24
  7258 | D:7      | Found a white marble altar of Elyvilon.
  7260 | D:7      | Found a snail-covered altar of Cheibriados.
  7261 | D:7      | Found a shimmering altar of Xom.
  7264 | D:7      | Found a bloodstained altar of Trog.
  7276 | D:7      | Found a sparkling altar of Nemelex Xobeh.
  7279 | D:7      | Found a basalt altar of Yredelemnul.
  7306 | D:7      | Found a stormy altar of Qazlal.
  7336 | D:7      | Noticed Pikel
  7351 | D:7      | Killed Pikel
  7351 | D:7      | Reached skill level 8 in Conjurations
  7351 | D:7      | Reached skill level 5 in Charms
  7383 | D:7      | Acquired Vehumet's first power
  7383 | D:7      | Offered knowledge of Shock by Vehumet.
  8167 | D:8      | Learned a level 5 spell: Fireball
  8192 | D:8      | Noticed a troll
  8197 | D:8      | Killed a troll
  8197 | D:8      | Reached skill level 1 in Fire Magic
  8197 | D:8      | Reached XP level 9. HP: 34/51 MP: 16/27
  8492 | D:8      | Found Zeubareh's Weapon Shop.
  8536 | D:8      | Noticed Erolcha
  9097 | D:6      | Killed Duvessa
  9170 | D:6      | Killed Dowan
  9678 | D:9      | Noticed Prince Ribbit
  9682 | D:9      | Killed Prince Ribbit
  9704 | D:9      | Reached skill level 9 in Spellcasting
  9805 | D:9      | Offered knowledge of Throw Flame by Vehumet.
 10192 | D:9      | Reached XP level 10. HP: 56/56 MP: 24/30
 10414 | D:9      | Found a staircase to the Orcish Mines.
 10827 | D:10     | Entered Level 10 of the Dungeon
 10868 | D:10     | Reached skill level 5 in Fire Magic
 10992 | D:10     | Reached skill level 10 in Spellcasting
 11284 | D:10     | Learned a level 6 spell: Bolt of Fire
 11421 | D:10     | Noticed Sonja
 11442 | D:10     | Noticed a hill giant
 11451 | D:10     | Killed a hill giant
 11451 | D:10     | Offered knowledge of Conjure Flame by Vehumet.
 11453 | D:10     | Killed Sonja
 11507 | D:10     | Learned a level 3 spell: Conjure Flame
 11710 | D:10     | Acquired Vehumet's second power
 12011 | D:10     | Offered knowledge of Throw Icicle by Vehumet.
 12033 | D:10     | Reached XP level 11. HP: 13/61 MP: 10/31
 12050 | D:10     | Reached skill level 5 in Dodging
 12472 | D:10     | Reached skill level 10 in Conjurations
 12639 | D:10     | Learned a level 3 spell: Flight
 13387 | Orc:1    | Entered Level 1 of the Orcish Mines
 13387 | Orc:1    | Found Shuefept's Food Boutique.
 13388 | Orc:1    | Acquired Vehumet's third power
 13397 | Orc:1    | Offered knowledge of Lightning Bolt by Vehumet.
 14016 | Orc:1    | Found a dark tunnel.
 14037 | Volcano  | Entered a volcano
 14223 | Volcano  | HP: 1/61 [vampire (6)]
 14227 | Volcano  | Killed from afar by a vampire

Action                   |  1- 3 |  4- 6 |  7- 9 | 10-12 || total
-------------------------+-------+-------+-------+-------++-------
Melee: Dagger            |     1 |       |       |       ||     1
       Falchion          |       |       |     6 |     1 ||     7
       Long sword        |       |       |       |     7 ||     7
 Cast: Magic Dart        |    77 |   126 |   172 |   193 ||   568
       Searing Ray       |       |    14 |    38 |    55 ||   107
       Iskenderun's Batt |       |       |     7 |     9 ||    16
       Fireball          |       |       |     4 |    26 ||    30
       Bolt of Fire      |       |       |       |     8 ||     8
Evoke: Wand              |       |     1 |       |     3 ||     4
  Use: Scroll            |     7 |     8 |     4 |     7 ||    26
       Potion            |       |       |     1 |     4 ||     5
  Eat: Chunk             |     3 |     7 |    12 |    14 ||    36
       Fruit             |       |     2 |     2 |     3 ||     7
       Meat ration       |       |       |     1 |       ||     1
       Pizza             |       |       |       |     1 ||     1
       Beef jerky        |       |       |       |     1 ||     1
